 Dungeon Crawl Stone Soup version 0.20-a0-903-g7e3609c (webtiles) character file.

3929 Rrauwl the Fighter (level 10, -18/82 HPs)
             Began as a Formicid Abyssal Knight on Mar 20, 2017.
             Was an Elder of Lugonu.
             Demolished by a two-headed ogre
             ... wielding a +0 giant club
              (21 damage)
             ... on level 9 of the Dungeon.
             The game lasted 00:47:09 (10218 turns).

Rrauwl the Fighter (Formicid Abyssal Knight)       Turns: 10218, Time: 00:47:10

Health: -18/82     AC: 15    Str: 20    XL:     10   Next: 44%
Magic:  14/14      EV: 11    Int: 18    God:    Lugonu [****..]
Gold:   517        SH:  0    Dex: 12    Spells: 14/15 levels left

rFire    + . .     SeeInvis +   a - +2 spear
rCold    . . .     Gourm    +   o - +4 scale mail {rF+}
rNeg     + . .     Faith    .   (no shield)
rPois    .         Spirit   .   (helmet unavailable)
rElec    .         Reflect  .   u - +2 cloak
rCorr    .         Harm     .   (no gloves)
MR       +....                  (no boots)
Stlth    ..........             d - amulet "Lomoboun" {Gourm -Tele rN+ Int+6}
Regen    0.3/turn               (no ring)
MPRegen  0.2/turn               (no ring)

@: no status effects
A: permanent stasis, dig shafts and tunnels, four strong arms, antennae 3, agile
1, mutation resistance 1
a: Dig, Shaft Self, Depart the Abyss, Bend Space, Banish, Corrupt, Renounce
Religion


You were on level 9 of the Dungeon.
You worshipped Lugonu.
Lugonu was greatly pleased with you.
You were completely stuffed.

You visited 1 branch of the dungeon, and saw 9 of its levels.
You visited the Abyss 1 time.

You collected 517 gold pieces.

Inventory:

Hand Weapons
 a - a +2 spear (weapon)
 f - the +4 dagger "Ceusesm" {flame, *Corrode rF++ Str+2}
   (You found it on level 5 of the Dungeon)

   It has been specially enchanted to burn those struck by it, causing extra
   injury to most foes and up to half again as much damage against particularly
   susceptible opponents.
   It affects your strength (+2).
   It greatly protects you from fire.
   It may corrode you when you take damage.
Missiles
 i - 80 sling bullets
 j - 104 arrows
 l - 42 stones (quivered)
Armour
 o - a +4 scale mail of fire resistance (worn)
 u - a +2 cloak (worn)
Magical Staves
 q - an uncursed staff of death
Jewellery
 d - the amulet "Lomoboun" (around neck) {Gourm -Tele rN+ Int+6}
   (You found it on level 2 of the Abyss)

   [amulet of the gourmand]

   It allows you to eat raw meat even when not hungry.
   It affects your intelligence (+6).
   It protects you from negative energy.
   It prevents most forms of teleportation.
 g - an uncursed amulet of faith
 s - an uncursed amulet of magic regeneration
Scrolls
 e - 2 scrolls of remove curse
 k - a scroll of enchant armour
 p - a scroll of amnesia
Potions
 h - a potion of brilliance
Books
 t - a book of Callings

   Spells                             Type                      Level
   a - Summon Small Mammal            Summoning                    1
   b - Call Imp                       Summoning                    2
   c - Call Canine Familiar           Summoning                    3
   d - Summon Guardian Golem          Hexes/Summoning              3
   e - Summon Lightning Spire         Summoning/Air                4
   f - Summon Ice Beast               Ice/Summoning                4
Comestibles
 b - 3 chunks of flesh
 c - 6 bread rations
 m - 8 fruits
 n - 5 meat rations
 r - 3 royal jellies


   Skills:
 + Level 8.6 Fighting
 + Level 8.0 Polearms
 - Level 7.0 Armour
 - Level 4.0 Dodging
 - Level 1.0 Stealth
 - Level 3.0 Spellcasting
 + Level 2.9 Summonings
 - Level 4.0 Invocations
 + Level 2.9 Evocations


You had 14 spell levels left.
You knew the following spells:

 Your Spells              Type           Power        Failure   Level  Hunger
a - Summon Small Mammal   Summ           ##..         14%         1    None


Dungeon Overview and Level Annotations

Branches:
Dungeon (9/15)             Temple (0/1) D:6
   Lair: D:8-11         Orc: D:9-12

Altars:
Ashenzari
Dithmenos
Okawaru
Qazlal
Uskayaw
Wu Jian
Xom


Innate Abilities, Weirdness & Mutations

You cannot be hasted, slowed, berserked, paralysed or teleported.
You can dig through walls and to a lower floor.
Your four strong arms can wield two-handed weapons with a shield.
You have a pair of large antennae on your head. (SInv)
You are agile. (Dex +2)
You are somewhat resistant to further mutation.


Message History

You puncture the two-headed ogre!
The two-headed ogre is severely wounded.
You puncture the two-headed ogre!
The two-headed ogre is almost dead.
The two-headed ogre completely misses you.
The two-headed ogre closely misses you.
Some of the chunks of flesh in your inventory have rotted away.
You hit the two-headed ogre.
The two-headed ogre is almost dead.
You hit the two-headed ogre.
The two-headed ogre is almost dead.
The two-headed ogre misses you.
The two-headed ogre hits you with a giant spiked club!!
* * * LOW HITPOINT WARNING * * *
You hit the two-headed ogre but do no damage.
The two-headed ogre is almost dead.
You hit the two-headed ogre.
The two-headed ogre is almost dead.
The two-headed ogre hits you with a giant club!!
You die...

#. ##.#...#........
# #..#.#.#.####...
#..#.....####.#.
#...............
#.####.####...#.
###......####...#.
#...............#.
#.#############.#.
{{ #@# #.....#.
#O...# #.###.#.
#....######.#.#.#.
(.................
................#.
..#............###.
{ ..
................
...
###.........##..
.......<##.#


You could see a two-headed ogre.

Vanquished Creatures
  Prince Ribbit (D:5)
  A hippogriff (D:8)
  A steam dragon (D:9)
  Grum (D:8)
  Menkaure (D:6)
  Duvessa (D:4)
  3 ice beasts
  An orc warrior (D:7)
  A sky beast (D:8)
  3 ogres
  2 phantoms (D:4)
  2 wolves (D:9)
  4 centaurs
  A necrophage (D:8)
  2 bullfrogs
  Dowan (D:4)
  A scorpion (D:7)
  A water moccasin skeleton (D:8)
  6 killer bees (D:7)
  3 howler monkeys (D:8)
  A crimson imp (D:7)
  2 jellies
  A quasit (D:8)
  3 hounds
  Crazy Yiuf (D:7)
  4 orc priests
  5 orc wizards
  2 iguanas
  4 worker ants
  A hound zombie (D:9)
  3 hound skeletons
  2 worker ant zombies
  Robin (D:3)
  4 gnolls (D:6)
  11 adders
  A shadow imp (D:8)
  An ooze (D:3)
  3 worms
  2 dart slugs (D:3)
  9 leopard geckos
  18 orcs
  A ball python (D:4)
  8 bats
  2 giant cockroaches
  13 goblins
  9 hobgoblins
  6 jackals
  7 quokkas
  7 frilled lizards
  5 kobolds
  7 rats
181 creatures vanquished.

Vanquished Creatures (others)
  A plant (D:6)
1 creature vanquished.

Grand Total: 182 creatures vanquished

Notes
Turn   | Place    | Note
-------+----------+-------------------------------------------
     0 | Abyss:1  | Rrauwl the Formicid Abyssal Knight began the quest for the Orb.
     0 | Abyss:1  | Reached XP level 1. HP: 18/18 MP: 2/2
    63 | Abyss:2  | Got a brightly glowing diamond amulet
    64 | Abyss:2  | Identified the amulet "Lomoboun" {Gourm -Tele rN+ Int+6} (You found it on level 2 of the Abyss)
   113 | Abyss:2  | Noticed a glowing orange brain
   128 | Abyss:2  | Noticed a worldbinder
   130 | Abyss:2  | Noticed a raiju
   131 | Abyss:2  | Noticed a large abomination
   131 | D:1      | Escaped the Abyss
   370 | D:1      | Reached XP level 2. HP: 24/24 MP: 3/3
   609 | D:1      | Reached * piety under Lugonu
  1073 | D:2      | Reached XP level 3. HP: 30/30 MP: 4/4
  1622 | D:2      | Reached skill level 1 in Dodging
  1622 | D:2      | Reached XP level 4. HP: 15/37 MP: 5/5
  1814 | D:3      | Reached skill level 1 in Stealth
  1843 | D:3      | Reached XP level 5. HP: 40/42 MP: 6/6
  2498 | D:3      | Reached ** piety under Lugonu
  2534 | D:3      | Noticed Robin
  2621 | D:3      | Killed Robin
  2925 | D:4      | Reached XP level 6. HP: 39/49 MP: 7/7
  3103 | D:4      | Noticed a phantom
  3152 | D:4      | Killed a phantom
  3690 | D:4      | Noticed Duvessa
  3703 | D:4      | Noticed Dowan
  3720 | D:4      | Killed Duvessa
  3720 | D:4      | Reached skill level 5 in Fighting
  3720 | D:4      | Reached XP level 7. HP: 35/56 MP: 8/8
  3731 | D:4      | Killed Dowan
  4697 | D:4      | Reached skill level 5 in Polearms
  4895 | D:5      | Entered Level 5 of the Dungeon
  4928 | D:5      | Noticed Prince Ribbit
  4941 | D:5      | Killed Prince Ribbit
  4941 | D:5      | Reached XP level 8. HP: 54/64 MP: 9/9
  4963 | D:5      | Found a shadowy altar of Dithmenos.
  4969 | D:5      | Found a hide-covered altar of Uskayaw.
  4970 | D:5      | Found a stormy altar of Qazlal.
  4970 | D:5      | Found an iron altar of Okawaru.
  4970 | D:5      | Found a shimmering altar of Xom.
  4970 | D:5      | Found an ornate altar of the Wu Jian Council.
  4992 | D:5      | Found a shimmering altar of Xom.
  4993 | D:5      | Found a shimmering altar of Xom.
  4994 | D:5      | Found a shimmering altar of Xom.
  4996 | D:5      | Found a shimmering altar of Xom.
  5038 | D:5      | Got a transparent dagger
  5039 | D:5      | Identified the +4 dagger "Ceusesm" {flame, *Corrode rF++ Str+2} (You found it on level 5 of the Dungeon)
  5101 | D:5      | Found a shattered altar of Ashenzari.
  5113 | D:5      | Gained mutation: You are agile. (Dex +2) [potion of mutation]
  5113 | D:5      | Gained mutation: You are somewhat resistant to further mutation. [potion of mutation]
  5753 | D:6      | Found a staircase to the Ecumenical Temple.
  5939 | D:6      | Reached skill level 5 in Armour
  6302 | D:6      | Reached *** piety under Lugonu
  6478 | D:6      | Noticed Menkaure
  6491 | D:6      | Killed Menkaure
  6491 | D:6      | Reached XP level 9. HP: 71/71 MP: 10/10
  7796 | D:7      | Learned a level 1 spell: Summon Small Mammal
  7817 | D:7      | Found a runed door.
  7821 | D:7      | Noticed Crazy Yiuf
  7832 | D:7      | Killed Crazy Yiuf
  8217 | D:8      | Reached skill level 1 in Spellcasting
  8265 | D:8      | Reached skill level 1 in Summonings
  8370 | D:8      | Noticed a hippogriff
  8385 | D:8      | Killed a hippogriff
  8385 | D:8      | Reached skill level 1 in Evocations
  8385 | D:8      | Reached XP level 10. HP: 68/80 MP: 12/12
  8437 | D:8      | Reached **** piety under Lugonu
  9365 | D:9      | Noticed Grum
  9868 | D:8      | Killed Grum
 10202 | D:9      | Noticed a two-headed ogre
 10216 | D:9      | HP: 2/82 [two-headed ogre/giant club (26)]
 10218 | D:9      | Demolished by a two-headed ogre

Vault maps used:
D:1:      lemuel_arrival_muddy
D:3:      minmay_mini_jars, uniq_robin
D:4:      first_bread, uniq_duvessa
D:5:      grunt_temple_overflow_open, basic_altar, xom_redecorated,
          uniq_prince_ribbit1
D:6:      temple_green, nrook_loot_triangle, minmay_lizard_king, uniq_menkaure
D:7:      uniq_crazy_yiuf_cottage
D:9:      erik_lair_dragon, uniq_grum, uniq_gastronok

Skill      XL: |  1  2  3  4  5  6  7  8  9 10 |
---------------+-------------------------------+-----
Fighting       | 4 5 6 8 |  8.6
Polearms       | 3 4 5 6 7 8 |  8.0
Dodging        | 1 2 3 4 |  4.0
Stealth        | 1 |  1.0
Armour         | 3 4 5 7 |  7.0
Invocations    | 3 4 |  4.0
Spellcasting   | 1 3 |  3.0
Summonings     | 1 2 |  2.9
Evocations     | 1 2 |  2.9

Action                   |  1- 3 |  4- 6 |  7- 9 | 10-12 || total
-------------------------+-------+-------+-------+-------++-------
Melee: Spear             |    91 |   266 |   574 |   200 ||  1131
Invok: Depart the Abyss  |     1 |       |       |       ||     1
       Bend Space        |       |     1 |       |     1 ||     2
  Use: Potion            |     5 |     2 |     5 |       ||    12
       Scroll            |     4 |     6 |     6 |     1 ||    17
 Stab: Sleeping          |       |     3 |       |       ||     3
  Eat: Chunk             |    12 |     7 |    16 |     6 ||    41
Armor: Leather armour    |    19 |    53 |    26 |       ||    98
       Scale mail        |       |       |   168 |    85 ||   253
Dodge: Dodged            |    34 |   110 |   240 |   105 ||   489
